 Dungeon Crawl Stone Soup version 0.18-a0-1312-gf98331d (webtiles) character file.

11487 st0uf the Unseen (level 11, -2/74 HPs)
             Began as an Octopode Assassin on Feb 14, 2016.
             Was a High Priest of Pakellas.
             Killed from afar by an electric eel (13 damage)
             ... with a bolt of electricity
             ... on level 10 of the Dungeon.
             The game lasted 01:20:18 (9980 turns).

st0uf the Unseen (Octopode Assassin)                Turns: 9980, Time: 01:20:19

Health: -2/74      AC:  2    Str: 10    XL:     11   Next: 78%
Magic:  12/17      EV: 17    Int: 16    God:    Pakellas [*****.]
Gold:   511        SH:  5    Dex: 17    Spells: 1 memorised, 7 levels left

rFire  + + .     SeeInvis .     m - +3 short sword (speed)
rCold  . . .     Gourm    .     E - +0 buckler
rNeg   . . .     Faith    .     x - +1 hat
rPois  +         Spirit   .     z - amulet of regeneration
rElec  .         Dismiss  .     l - ring of protection from magic
rCorr  .         Reflect  .     B - ring of protection from fire
SustAt .         Harm     .     F - ring of poison resistance
MR     +....                    o - +2 ring of intelligence
Stlth  +++++++++.               (no ring)
                                (no ring)
                                (no ring)
                                (no ring)

@: studying Stealth, somewhat resistant to hostile enchantments, incredibly
stealthy
A: almost no armour, amphibious, 8 rings, constrict 8, camouflage 1, fire
resistance 1, gelatinous body 1
a: Quick Charge, Device Surge, Renounce Religion


You were on level 10 of the Dungeon.
You worshipped Pakellas.
Pakellas was extremely pleased with you.
You were not hungry.

You visited 2 branches of the dungeon, and saw 11 of its levels.
You also visited: Bailey.

You collected 684 gold pieces.
You spent 173 gold pieces at shops.

Inventory:

Hand Weapons
 a - a +2 dagger
 b - a +0 blowgun
 m - a +3 short sword of speed (weapon)
Missiles
 c - 7 poisoned needles
 d - 4 curare-tipped needles
 Y - 2 throwing nets (quivered)
Armour
 x - a +1 hat (worn)
 E - a +0 buckler (worn)
Rods
 e - a +4 rod of inaccuracy (11/11)
   (Pakellas gifted it to you on level 9 of the Dungeon)
Jewellery
 l - a ring of protection from magic (left tentacle)
 o - a +2 ring of intelligence (on tentacle)
 z - an amulet of regeneration (around mantle)
 B - a ring of protection from fire (right tentacle)
 C - an uncursed amulet of rage {unknown}
 F - a ring of poison resistance (on tentacle)
 U - an uncursed ring of fire
Wands
 r - a wand of acid (5/15)
 y - a wand of hasting (3/9)
 A - a wand of digging (21/24)
 M - a wand of enslavement (15/24)
 R - a wand of lightning (1/15)
 S - a wand of iceblast (5/15)
Scrolls
 i - 3 scrolls of remove curse
 j - 3 scrolls of recharging
 I - a scroll of enchant armour
 J - 2 scrolls of vulnerability
 N - 2 scrolls of amnesia
Potions
 p - 2 potions of flight
 q - a potion of cure mutation
 s - 5 potions of invisibility
 t - 2 potions of might
 v - 5 potions of curing
 w - 2 potions of heal wounds
 D - a potion of mutation
 G - 3 potions of ambrosia
 K - a potion of haste
 Q - 2 potions of lignification
 W - a potion of agility
Books
 L - a Young Poisoner's Handbook

   Spells                             Type                      Level
   a - Sting                          Conjuration/Poison           1
   b - Cure Poison                    Poison                       2
   c - Mephitic Cloud                 Conjuration/Poison/Air       3
   d - Olgreb's Toxic Radiance        Poison                       4
   e - Venom Bolt                     Conjuration/Poison           5
 O - a manual of Stealth
 P - a book of Minor Magic

   Spells                             Type                      Level
   a - Magic Dart                     Conjuration                  1
   b - Blink                          Translocation                2
   c - Call Imp                       Summoning                    2
   d - Repel Missiles                 Charms/Air                   2
   e - Slow                           Hexes                        2
   f - Conjure Flame                  Conjuration/Fire             3
   g - Mephitic Cloud                 Conjuration/Poison/Air       3
 V - a book of Necromancy

   Spells                             Type                      Level
   a - Pain                           Necromancy                   1
   b - Animate Skeleton               Necromancy                   1
   c - Vampiric Draining              Necromancy                   3
   d - Regeneration                   Charms/Necromancy            3
   e - Animate Dead                   Necromancy                   4
   f - Control Undead                 Necromancy                   4
Miscellaneous
 X - a lantern of shadows
Comestibles
 f - 12 bread rations
 g - 3 meat rations
 h - 9 slices of pizza
 k - 4 beef jerkies
 n - 5 fruits
 H - 7 chunks of flesh
 Z - a royal jelly


   Skills:
 + Level 6.6 Fighting
 + Level 6.0 Short Blades
 + Level 5.2 Throwing
 + Level 7.4 Dodging
 + Level 15.2 Stealth
 + Level 2.2 Shields
 * Level 9.1 Evocations


You had 7 spell levels left.
You knew the following spells:

 Your Spells              Type           Power        Failure   Level  Hunger
a - Regeneration          Chrm/Necr      #.........   86%         3    ####...


Dungeon Overview and Level Annotations

Branches:
Dungeon (10/15)            Temple (1/1) D:7
   Lair: D:8-11         Orc: D:9-12

Altars:
Ashenzari
Cheibriados
Dithmenos
Elyvilon
Fedhas
Gozag
Kikubaaqudgha
Makhleb
Nemelex Xobeh
Okawaru
Pakellas
Qazlal
Ru
Sif Muna
Trog
Vehumet
Xom
Yredelemnul
Zin
The Shining One

Shops:
D:4 *   D:5 *


Innate Abilities, Weirdness & Mutations

You cannot wear most types of armour.
You are amphibious.
You can wear up to eight rings at the same time.
You can use your tentacles to constrict eight enemies at once.
Your skin changes colour to match your surroundings (Stealth).
Your rubbery body absorbs attacks (AC +1).
Your flesh is heat resistant.


Message History

* * * LOW HITPOINT WARNING * * *
You hit the electric eel. You grab the electric eel.
The electric eel is lightly wounded.
You constrict the electric eel. You hit the electric eel.
The electric eel is heavily wounded.
You constrict the electric eel, but do no damage.
You hit the electric eel.
The electric eel is severely wounded.
You constrict the electric eel.
Read which item? (? for menu, Esc to quit)
Okay, then.
You hit the electric eel.
You kill the electric eel!
Pakellas accepts your kill.
You feel your power returning.
The electric eel shoots out a bolt of lightning at you!
The bolt of electricity hits you!
You die...
Pakellas says: Good help is so hard to find these days!

#≈≈≈≈≈≈≈..# ...#.
##≈≈≈≈≈≈≈..# ......
#≈≈≈≈≈≈≈≈.!#.......
#≈≈≈≈≈≈≈...###.....
##≈≈≈≈≈≈≈...#
#.....
#.≈≈≈≈≈≈≈...#
##≈≈≈≈≈≈≈≈...# ##
##≈≈≈≈≈≈≈≈≈....#
....
#≈≈≈≈@≈≈≈≈≈.....
.....
#≈≈≈≈≈≈≈≈≈≈≈....##
.....
≈≈≈≈≈≈≈≈≈≈≈≈....#
.....
≈≈≈≈≈≈≈≈≈≈≈≈.)..
$....
≈≈≈≈≈≈≈≈≈≈Y≈...
.....
≈≈≈≈≈≈≈≈≈≈≈≈... #
#...
≈≈≈≈≈≈≈≈≈≈≈≈... ..
#...
;≈≈≈≈≈≈≈≈≈≈≈... ...
#### #...####


You could see an ice beast and an electric eel.

Vanquished Creatures
  A hydra (D:9)
  2 orc knights (Bailey)
  Pikel (D:5)
  An orc sorcerer (Bailey)
  A kobold demonologist (Bailey)
  A komodo dragon (D:10)
  Grum (D:9)
  A troll (D:9)
  2 two-headed ogres
  A hog (D:7)
  14 yaks
  A human (D:7)
  A hungry ghost (D:9)
  A wolf (D:9)
  Edmund (D:5)
  A water moccasin (D:8)
  5 sky beasts
  8 orc warriors
  8 ice beasts
  A necrophage (D:10)
  A wasp (D:9)
  3 ogres
  2 centaurs
  3 big kobolds
  2 gnoll sergeants
  3 giant frogs
  A wyvern zombie (D:8)
  2 scorpions (D:5)
  3 wights (D:9)
  8 electric eels
  4 crimson imps
  2 orc priests
  3 hounds
  5 iguanas
  2 jellies
  7 orc wizards
  Ijyb (D:2)
  7 worker ants
  2 sheep (D:7)
  A hound zombie (D:8)
  18 gnolls
  16 adders
  3 shadow imps
  2 oozes
  2 adder skeletons
  An adder zombie (D:4)
  A worm (D:2)
  6 giant geckos
  34 orcs
  7 giant cockroaches
  13 goblins
  12 hobgoblins
  11 jackals
  14 kobolds
  6 quokkas
  3 ball pythons
  A ball python skeleton (D:5)
  6 bats
  5 giant newts
  A jackal skeleton (D:8)
  A quokka skeleton (D:5)
  8 rats
286 creatures vanquished.

Vanquished Creatures (others)
  A wolf (D:9)
  An orc warrior (D:8)
2 creatures vanquished.

Grand Total: 288 creatures vanquished

Notes
Turn   | Place    | Note
--------------------------------------------------------------
     0 | D:1      | st0uf the Octopode Assassin began the quest for the Orb.
     0 | D:1      | Reached XP level 1. HP: 14/14 MP: 1/1
   170 | D:1      | Reached XP level 2. HP: 19/19 MP: 2/2
   367 | D:1      | Reached skill level 6 in Stealth
   637 | D:1      | Reached XP level 3. HP: 22/24 MP: 3/3
   845 | D:2      | Found an iron altar of Okawaru.
   896 | D:2      | Noticed Ijyb
   906 | D:2      | Killed Ijyb
   906 | D:2      | Reached XP level 4. HP: 20/30 MP: 1/4
  1006 | D:2      | Reached skill level 7 in Stealth
  1320 | D:2      | Reached XP level 5. HP: 35/35 MP: 5/5
  1559 | D:2      | Found a burning altar of Makhleb.
  1854 | D:3      | Reached skill level 8 in Stealth
  2198 | D:3      | Found a deep blue altar of Sif Muna.
  2198 | D:3      | Found an oddly glowing altar of Pakellas.
  2202 | D:3      | Became a worshipper of Pakellas the Inventive
  2445 | D:3      | Reached XP level 6. HP: 19/42 MP: 6/6
  2692 | D:4      | Found Acaemor's Assorted Antiques.
  2700 | D:4      | Bought a brown potion for 20 gold pieces
  2700 | D:4      | Bought a viscous ruby potion for 20 gold pieces
  2700 | D:4      | Bought a jewelled gold wand for 92 gold pieces
  2700 | D:4      | Bought a scroll labeled ALOBBOLAMO for 23 gold pieces
  2996 | D:4      | Reached * piety under Pakellas
  2996 | D:4      | Reached skill level 9 in Stealth
  2996 | D:4      | Reached skill level 1 in Evocations
  3339 | D:5      | Entered Level 5 of the Dungeon
  3358 | D:5      | Reached XP level 7. HP: 26/46 MP: 3/7
  3409 | D:5      | Noticed Edmund
  3413 | D:5      | Killed Edmund
  3432 | D:5      | Reached skill level 10 in Stealth
  3599 | D:5      | Reached XP level 8. HP: 45/54 MP: 9/9
  3866 | D:5      | Noticed Pikel
  3889 | D:5      | Killed Pikel
  3889 | D:5      | Reached skill level 11 in Stealth
  3943 | D:5      | Found Ewod's General Store.
  3946 | D:5      | Bought 3 curare-tipped needles for 18 gold pieces
  4651 | D:6      | Noticed a two-headed ogre
  4654 | D:6      | Killed a two-headed ogre
  4654 | D:6      | Reached XP level 9. HP: 59/59 MP: 5/12
  4880 | D:6      | Reached ** piety under Pakellas
  4880 | D:6      | Received a gift from Pakellas
  5076 | D:7      | Reached skill level 12 in Stealth
  5103 | D:7      | Reached skill level 5 in Fighting
  5309 | D:7      | Found a staircase to the Ecumenical Temple.
  5317 | Temple   | Entered the Ecumenical Temple
  5747 | D:7      | Reached skill level 5 in Dodging
  6086 | D:7      | You fall through a shaft for 2 floors!
  6250 | D:8      | Reached skill level 5 in Evocations
  6316 | D:8      | Found a radiant altar of Vehumet.
  6366 | D:8      | Reached skill level 13 in Stealth
  6449 | D:8      | Gained mutation: Your muscles are strong. (Str +2) [mutagenic meat]
  6451 | D:8      | Gained mutation: Your flesh is heat resistant. [mutagenic meat]
  6452 | D:8      | Gained mutation: You are resistant to electric shocks. [mutagenic meat]
  6708 | D:8      | Found an opulent altar of Gozag.
  6750 | D:8      | Learned a level 3 spell: Regeneration
  6870 | D:8      | Reached XP level 10. HP: 64/66 MP: 6/14
  6995 | D:8      | Found a radiant altar of Vehumet.
  7098 | D:8      | Reached skill level 5 in Short Blades
  7109 | D:8      | Reached *** piety under Pakellas
  7697 | D:9      | Noticed a six-headed hydra
  7710 | D:9      | Killed a six-headed hydra
  7710 | D:9      | Reached skill level 1 in Shields
  7766 | D:9      | Reached skill level 14 in Stealth
  7958 | D:9      | Reached **** piety under Pakellas
  7958 | D:9      | Received a gift from Pakellas
  7962 | D:9      | Noticed Grum
  8014 | D:9      | Killed Grum
  8159 | D:9      | Reached XP level 11. HP: 72/72 MP: 14/16
  8221 | D:9      | HP: 2/72 [yak (13)]
  8862 | D:9      | Identified a +3 rod of inaccuracy (9/9) (Pakellas gifted it to you on level 9 of the Dungeon)
  9051 | D:10     | Entered Level 10 of the Dungeon
  9102 | D:10     | Found a flagged portal.
  9141 | Bailey   | Entered a bailey
  9323 | Bailey   | Noticed an orc knight
  9357 | Bailey   | Noticed an orc sorcerer
  9366 | Bailey   | Killed an orc knight
  9530 | Bailey   | Found an iron altar of Okawaru.
  9576 | Bailey   | Gained mutation: Your body sometimes deteriorates upon taking damage. [a neqoxec]
  9578 | Bailey   | Killed an orc sorcerer
  9633 | Bailey   | Reached skill level 5 in Throwing
  9650 | Bailey   | Reached skill level 15 in Stealth
  9727 | Bailey   | Got a smoking hand crossbow
  9750 | Bailey   | Noticed an orc knight
  9754 | Bailey   | Killed an orc knight
  9795 | D:10     | Identified the +1 hand crossbow of Afogef {penet, rElec Str+4 SInv} (You took it off a goblin in a bailey)
  9808 | D:10     | Gained mutation: You are clumsy. (Dex -2) [potion of mutation]
  9808 | D:10     | Gained mutation: You possess an exceptional clarity of mind. [potion of mutation]
  9809 | D:10     | Lost mutation: You are resistant to electric shocks. [potion of cure mutation]
  9809 | D:10     | Lost mutation: Your body sometimes deteriorates upon taking damage. [potion of cure mutation]
  9809 | D:10     | Lost mutation: You are clumsy. (Dex -2) [potion of cure mutation]
  9809 | D:10     | Lost mutation: You possess an exceptional clarity of mind. [potion of cure mutation]
  9809 | D:10     | Lost mutation: Your muscles are strong. (Str +2) [potion of cure mutation]
  9834 | D:10     | Reached ***** piety under Pakellas
  9980 | D:10     | Killed from afar by an electric eel

Vault maps used:
D:1:      lightli_arrival_boilingwater
D:2:      okawaru_gym_becter, nicolae_overflow_crystal_walls,
          kennysheep_generic_room_13, uniq_iyjb
D:3:      gammafunk_temple_overflow_wave, serial_bayou, serial_bayou_shore_a,
          serial_bayou_pond_a, serial_bayou_pond_d, serial_bayou_pond_b,
          serial_bayou_pond_e, serial_bayou_lagoon_a
D:4:      serial_shops, shop, first_bread
D:5:      serial_shops, kennysheep_mini_moat, uniq_pikel, uniq_edmund
D:6:      minivault_22, minmay_small_thing
D:7:      minmay_temple_entry_overgrown, grunt_livestock
D:8:      overflow_temple_1_default, fiery_altar_vehumet, basic_altar,
          minivault_14
D:9:      minmay_opposing_rooms, uniq_grum
D:10:     minmay_twisted_water, enter_bailey_2
Temple:   hc_temple_tempest_star
Bailey:   bailey_axe_of_yendor_kennysheep, bailey

Action                   |  1- 3 |  4- 6 |  7- 9 | 10-12 || total
-------------------------+-------+-------+-------+-------++-------
Melee: Dagger            |    53 |   126 |   204 |   218 ||   601
       Short sword       |       |       |       |   109 ||   109
 Fire: Blowgun           |       |       |     1 |    75 ||    76
Invok: Quick Charge      |       |     1 |     5 |     6 ||    12
Evoke: Wand              |       |     2 |    13 |    32 ||    47
       Rod               |       |       |       |    15 ||    15
  Use: Scroll            |       |     8 |     4 |    19 ||    31
       Potion            |       |       |       |     2 ||     2
 Stab: Sleeping          |    13 |    25 |    25 |    17 ||    80
       Distracted        |       |       |     1 |     5 ||     6
  Eat: Chunk             |       |     7 |    16 |    12 ||    35
       Fruit             |       |       |       |     1 ||     1
